 Dungeon Crawl Stone Soup version 0.20-a0-1025-g4706f7e (webtiles) character file.

2 Gorglomux the Insei (level 1, -1/15 HPs)
             Began as a Demigod Transmuter on Apr 19, 2017.
             Slain by a gnoll (8 damage)
             ... on level 1 of the Dungeon.
             The game lasted 00:00:35 (102 turns).

Gorglomux the Insei (Demigod Transmuter)             Turns: 102, Time: 00:00:36

Health: -1/15      AC:  2    Str: 13    XL:     1   Next: 26%
Magic:  4/5        EV: 12    Int: 17    God:
Gold:   0          SH:  0    Dex: 16    Spells: 2/3 levels left

rFire    . . .     SeeInvis .     - Unarmed
rCold    . . .     Gourm    .   (no shield)
rNeg     . . .     Faith    .   b - +0 robe
rPois    .         Spirit   .   (no helmet)
rElec    .         Reflect  .   (no cloak)
rCorr    .         Harm     .   (no gloves)
MR       .....                  (boots currently unavailable)
Stlth    +.........             (no amulet)
Regen    0.1/turn               (no ring)
MPRegen  0.1/turn               (no ring)

@: appendage
A: talons 3, high mp 1
a: End Transformation


You were on level 1 of the Dungeon.
You were not hungry.
You had grown temporary talons.
You visited 1 branch of the dungeon, and saw 1 of its levels.

Inventory:

Hand Weapons
 g - a +0 club
   (You took it off a goblin on level 1 of the Dungeon)
 h - a +0 club
   (You took it off a kobold on level 1 of the Dungeon)
 i - a +0 short sword
   (You found it on level 1 of the Dungeon)
 k - a +0 hand axe
   (You found it on level 1 of the Dungeon)
Missiles
 a - 12 arrows
Armour
 b - a +0 robe (worn)
Scrolls
 e - 2 scrolls of identify {unknown}
 j - a scroll of magic mapping {unknown}
Books
 c - a book of Changes
Comestibles
 d - a bread ration {@e1@e1}
 f - a chunk of flesh {@w0@w0}


   Skills:
 - Level 0.8 Fighting
 - Level 1.7 Dodging
 * Level 2.8 Unarmed Combat
 + Level 1.8 Spellcasting
 - Level 1.7 Transmutations


You had 2 spell levels left.
You knew the following spells:

 Your Spells              Type           Power        Failure   Level  Hunger
a - Beastly Appendage     Tmut           #.....       10%         1    #......


Dungeon Overview and Level Annotations

Branches:
Dungeon (1/15)


Innate Abilities, Weirdness & Mutations

You have an increased reservoir of magic. (+10% MP)
You have claws for feet.


Message History

Welcome, Gorglomux the Demigod Transmuter.
Will you be the one to retrieve the fabulous Orb of Zot from the depths?
Found two short swords and a scroll labeled CUAZAF NOCOKY.
Found a staircase leading out of the dungeon.
e - a short sword A goblin comes into view.
It is wielding a club.
The goblin shouts!
A goblin is nearby!
You drop a short sword.
Your feet morph into talons.
You now have 4/5 mp.
You miss the goblin. Your kick misses the goblin. The goblin misses you.
A rat comes into view.
You hit the goblin.
You kill the goblin!
Your transformation is almost over.
You barely miss the rat. You claw the rat.
You kill the rat!
No target in view!
No target in view!
You see here a rat corpse.
You butcher the rat corpse.
f - a chunk of flesh {@w0@w0}
e - a scroll labeled CUAZAF NOCOKY MP restored: 5 Your talons disappear.
e - 2 scrolls labeled CUAZAF NOCOKY (gained 1)
g - a club You see here a goblin corpse.
A kobold comes into view. It is wielding a club.
A kobold is nearby!
Unknown command.
A kobold is nearby!
Unknown command.
A kobold is nearby!
Unknown command.
Unknown command.
A kobold is nearby!
Unknown command.
The helpless kobold fails to defend itself.
You hit the kobold.
You kill the kobold!
h - a club
Things that are here:
4 stones; a kobold corpse
i - a short sword Unknown command.
No target in view!
You open the door.
There is an open door here.
j - a scroll labeled WEDDYWN UBANE No target in view!
Unknown command.
k - a hand axe Unknown command.
A gnoll comes into view.
The gnoll shouts!
Your feet morph into talons.
You now have 4/5 mp.
Unknown command.
A gnoll is nearby!
Unknown command.
A gnoll is nearby!
Unknown command.
You hit the gnoll. The gnoll misses you.
Unknown command.
You hit the gnoll. You claw the gnoll, but do no damage. The gnoll hits you!
Ouch! That really hurt!
You take 8 damage, and have 7/15 hp.
MASSIVE DAMAGE!!
You closely miss the gnoll. The gnoll hits you!
Ouch! That really hurt!
You die...

#.# ## #.# .. #.# .#
#.#..# ..########.#..#
.# #..........#..#...
#####
#########.........
....####......'#....#.#
.....##......(.#@##.#
##...##...##...#g...#
###..##..####..#.####
###..##..####..#.#
##...##...##...#.#
...............#.#
..............##.#
###..##..#######.#
###..##<.#######.#


You could see a gnoll.

Vanquished Creatures
  A goblin (D:1)
  A kobold (D:1)
  A rat (D:1)
3 creatures vanquished.

Notes
Turn   | Place    | Note
-------+----------+-------------------------------------------
     0 | D:1      | Gorglomux the Demigod Transmuter began the quest for the Orb.
     0 | D:1      | Reached XP level 1. HP: 15/15 MP: 5/5
   102 | D:1      | Slain by a gnoll

Vault maps used:
D:1:      minmay_arrival_four_loops

Action                   || total
-------------------------++-------
Melee: Unarmed           ||     7
       Kick              ||     2
 Cast: Beastly Appendage ||     2
 Stab: Sleeping          ||     1
Dodge: Dodged            ||     2

Vault maps used:
D:1:      minmay_arrival_four_loops

Table legend:
 A = Turns spent in this place as a percentage of turns spent in the entire game.
 B = Non-inter-level travel turns spent in this place as a percentage of non-inter-level travel turns spent in the entire game.
 C = Inter-level travel turns spent in this place as a percentage of turns spent in this place.
 D = Turns resting spent in this place as a percentage of non-inter-level travel turns spent in this place.
 E = Turns spent auto-exploring this place as a percentage of non-inter-level travel turns spent in this place.
 F = Non-inter-level travel turns spent in this place divided by the number of levels of this place that you've seen.
                   A       B       C       D       E      F
               +-------+-------+-------+-------+-------+----------------------
         Total | 100.0 | 100.0 |   0.0 |   0.0 |  14.0 |  57.0
       Dungeon | 100.0 | 100.0 |   0.0 |   0.0 |  14.0 |  57.0
               +-------+-------+-------+-------+-------+----------------------

Table legend:
 A = Kills in this place as a percentage of kills in entire the game.
 B = Kills by you in this place as a percentage of kills by you in the entire game.
 C = Kills by friends in this place as a percentage of kills by friends in the entire game.
 D = Other kills in this place as a percentage of other kills in the entire game.
 E = Experience gained in this place as a percentage of experience gained in the entire game.
 F = Experience gained in this place divided by the number of levels of this place that you have seen.
                   A       B       C       D       E      F
               +-------+-------+-------+-------+-------+----------------------
         Total | 100.0 | 100.0 |  -nan |  -nan | 100.0 |   4.0
       Dungeon | 100.0 | 100.0 |  -nan |  -nan | 100.0 |   4.0
               +-------+-------+-------+-------+-------+----------------------
